AoeStats
← Frontline

MegaRandom

506010612Analyzed
1v1 RM · 22d ago on Sep 12, 2026· 51m 12s· 2 players
Game mode
Random Map
Map size
Tiny (2 player)
Population
200
Speed
Normal
Resources
Standard
Victory
Conquest
Starting age
Dark Age
Ending age
Imperial Age
RankedLock teamsTeams togetherTeam positionsShared explorationLock speedFull tech treeHidden civsTurbo modeCheats
Victory
Defeat
🇺🇸 Hindustanis · United States
1876
+18
🇧🇷 Portuguese · Brazil
1917
-18
Frontline
1:30 Loom
8:52 Feudal Age
9:22 Double-Bit Axe
14:07 Castle Age
12:14 Stone Mining
12:44 Horse Collar
13:03 Town Watch
14:58 Fletching
15:14 Gold Mining
20:03 Bodkin Arrow
21:50 Bow Saw
26:11 Imperial Age
24:06 Heavy Plow
25:51 Scale Barding Armor
26:40 Bloodlines
26:51 Husbandry
26:56 Heavy Camel Rider
28:03 Chain Barding Armor
30:34 Plate Barding Armor
33:39 Chemistry
32:53 Forging
34:35 Conscription
36:24 Two-Man Saw
36:46 Wheelbarrow
37:18 Padded Archer Armor
37:43 Imperial Camel Rider
39:28 Hand Cart
39:20 Shatagni
40:23 Iron Casting
40:03 Leather Archer Armor
40:23 Ballistics
40:14 Masonry
43:33 Blast Furnace
43:08 Siege Engineers
42:59 Murder Holes
44:46 Ring Archer Armor
45:41 Gold Shaft Mining
45:22 Bracer
47:00 Hoardings
46:33 Grand Trunk Road
46:40 Guard Tower
47:01 Fortified Wall
47:43 Onager
50:54 Siege Elephant
Senhor FORTALEZA
1:12 Loom
11:23 Feudal Age
12:11 Double-Bit Axe
12:21 Town Watch
15:07 Castle Age
13:20 Double-Bit Axe
13:25 Horse Collar
14:07 Stone Mining
15:39 Wheelbarrow
16:05 Bow Saw
16:26 Heavy Plow
22:43 Imperial Age
20:54 Fletching
20:59 Town Watch
25:00 Hand Cart
25:39 Gold Mining
27:05 Chemistry
27:05 Ballistics
27:45 Fortified Wall
28:51 Arquebus
28:51 Murder Holes
29:06 Masonry
30:55 Two-Man Saw
30:31 Stone Shaft Mining
30:34 Fletching
31:24 Masonry
31:34 Bodkin Arrow
31:28 Pikeman
32:24 Bracer
33:28 Halberdier
35:25 Scale Mail Armor
35:36 Forging
37:15 Architecture
37:08 Bombard Tower
37:47 Chain Mail Armor
37:40 Town Watch
38:55 Plate Mail Armor
41:58 Siege Engineers
42:24 Architecture
43:16 Iron Casting
45:52 Blast Furnace
46:44 Treadmill Crane
Connection lost

Rejoining the realm…

Still unreachable

The connection could not be restored.

Session expired

The server has moved on; the page needs a fresh start.